 Dungeon Crawl Stone Soup version 0.30-b1-2-g02819fbbbe (webtiles) character file.

Game seed: 4436303741495058173

175 Arcadio the Magician (level 5, -6/40 HPs)
             Began as a Djinni Fire Elementalist on May 16, 2023.
             Was a Follower of Nemelex Xobeh.
             Mangled by an orc warrior
             ... wielding a +0 trident
              (10 damage)
             ... on level 3 of the Dungeon.
             The game lasted 00:06:34 (3077 turns).

Arcadio the Magician (Djinni Fire Elementalist)     Turns: 3077, Time: 00:06:36

Health: -6/40      AC:  5    Str:  7    XL:     5   Next: 85%
Gold:   109        EV: 13    Int: 24    God:    Nemelex Xobeh [*.....] SH:  5 Dex: 20

rFire   + + .        h - +0 short sword
rCold   x . .        (no shield)
rNeg    . . .        a - +0 robe
rPois   ∞            (no helmet)
rElec   .            f - +2 cloak
rCorr   .            (no gloves)
SInv    .            (boots unavailable)
Will    .....        l - amulet of reflection
Stlth   ++           c - +6 ring of dexterity
HPRegen 0.26/turn    p - +6 ring of intelligence
MPRegen 0.00/turn

%: reflection, infuse magic (-7 HP)
@: flying
A: sickness immunity, fire resistance 2, cold vulnerability 1, float, innate
caster, HP casting, extra vitality 1
a: Renounce Religion, Draw Escape, Draw Destruction, Draw Summoning


You were on level 3 of the Dungeon.
You worshipped Nemelex Xobeh.
Nemelex Xobeh was aware of your devotion.
You visited 1 branch of the dungeon, and saw 4 of its levels.

You collected 142 gold pieces.
You spent 33 gold pieces at shops.

Inventory:

Hand Weapons
 h - a +0 short sword (weapon)
Missiles
 n - a throwing net
Armour
 a - a +0 robe (worn)
 f - a +2 cloak (worn)
Jewellery
 c - a +6 ring of dexterity (left hand)
 i - a +4 ring of protection
 l - an amulet of reflection (around neck)
 p - a +6 ring of intelligence (right hand)
Scrolls
 d - a scroll of teleportation
 j - a scroll of vulnerability
 k - a scroll of enchant armour {unknown}
 o - a scroll of poison {unknown}
Potions
 b - a potion of lignification {unknown}
 e - a potion of ambrosia
 g - a potion of might
 q - a potion of curing
 s - 2 potions of magic {unknown}
 t - a potion of flight {unknown}


   Skills:
 + Level 3.4 Fighting
 - Level 2.1 Dodging
 - Level 1.5 Stealth
 + Level 3.7 Spellcasting


You knew the following spells:

 Your Spells              Type           Power      Damage    Failure   Level
a - Foxfire               Conj/Fire      88%        2x1d8     2%          1
b - Scorch                Fire           44%        2d6       3%          2
c - Volatile Blastmotes   Fire/Tloc      44%        2d13      7%          3
d - Inner Flame           Hex/Fire       22%        N/A       7%          3
e - Flame Wave            Conj/Fire      22%        2d8       22%         4
f - Freeze                Ice            88%        1d9       2%          1
g - Ensorcelled Hibernat  Hex/Ice        44%        N/A       3%          2
Your spell library was empty.

Dungeon Overview and Level Annotations

Branches:
Dungeon (4/15) Zot: 20924
 Temple: D:4-7

Altars:
Nemelex Xobeh

Shops:
D:2 *   D:3 !

Annotations:
D:3 2 runed translucent doors


Innate Abilities, Weirdness & Mutations

You are immune to sickness and miasma.
You are immune to poison.
Your flesh is very heat resistant. (rF++)
You are vulnerable to cold. (rC-)
You float through the air rather than walking.
You learn spells naturally, not from books.
Your magical power is your life essence.
You have superior vitality. (+4 MHP)


Message History

Confirm with . or Enter, or press ? or * to list all spells.
Flames lash the orc.
The orc is severely wounded.
The orc's fire resistance burns away.
The orc warrior hits you with a +0 trident!
You block the orc's attack.
Casting: Scorch (safe; 3% risk of failure)
Confirm with . or Enter, or press ? or * to list all spells.
Flames lash the orc.
The orc is burned terribly!
You kill the orc!
You block the orc warrior's attack.
Casting: Scorch (safe; 3% risk of failure)
Confirm with . or Enter, or press ? or * to list all spells.
Flames lash the orc warrior.
The orc warrior is lightly wounded.
The orc warrior's fire resistance burns away.
You block the orc warrior's attack.
Casting: Scorch (safe; 3% risk of failure)
Confirm with . or Enter, or press ? or * to list all spells.
Flames lash the orc warrior.
The orc warrior is lightly wounded.
The orc warrior hits you with a +0 trident!
Casting: Scorch (safe; 3% risk of failure)
Confirm with . or Enter, or press ? or * to list all spells.
Flames lash the orc warrior.
The orc warrior is burned terribly!
The orc warrior is moderately wounded.
The orc warrior closely misses you.
Casting: Scorch (safe; 3% risk of failure)
Confirm with . or Enter, or press ? or * to list all spells.
Flames lash the orc warrior but do no damage.
The orc warrior hits you with a +0 trident!
* * * LOW HITPOINT WARNING * * *
Casting: Scorch (safe; 3% risk of failure)
Confirm with . or Enter, or press ? or * to list all spells.
Flames lash the orc warrior.
The orc warrior is burned terribly!
The orc warrior is heavily wounded.
* * * LOW HITPOINT WARNING * * *
The orc warrior hits you with a +0 trident!
You die...
Your body disappears without a glow.

###.##### #.# #.....# #.#
#.###.########## #.# #.#
#..........# #####.#
##.###.########.###.....#
#......# #.##..###.#####
##..##### #.............#
....# #)..######....# ##.##
#@.## #....# #.# #.o# #8'8.#
#.# ##########..#.######.#.#
#.####...........#.....+..#.#
#.##...########..#.....+..#.#
#.........†......#.######.#.#
#.##.†.##.#.####.# #8+8[#
##.###..##.#.####.## #....#
#...##..##.#.....(.######....#


You could see an orc warrior (combustible).

Vanquished Creatures
  A scorpion (D:3)
  3 gnolls (D:2)
  2 adders
  3 dart slugs
  An orc (D:3)
  6 ball pythons
  4 endoplasms (D:1)
  3 giant cockroaches
  6 hobgoblins
  4 jackals
  7 bats
  7 frilled lizards
  4 goblins
  9 kobolds
  6 rats (D:1)
66 creatures vanquished.

Vanquished Creatures (others)
  112 foxfires
  2 plants (D:2)
114 creatures vanquished.

Grand Total: 180 creatures vanquished

Notes
Turn   | Place    | Note
-------+----------+-------------------------------------------
     0 | D:1      | Arcadio the Djinni Fire Elementalist began the quest for
                  | the Orb.
     0 | D:1      | Arcadio set off with the following spells memorised:
                  | Foxfire, Scorch, Volatile Blastmotes, Inner Flame, Flame
                  | Wave.
     0 | D:1      | Reached XP level 1. HP: 15/15 MP: 0/0
   289 | D:1      | Reached XP level 2. HP: 22/22 MP: 0/0
   327 | D:1      | Reached skill level 1 in Fighting
   695 | D:1      | Reached XP level 3. HP: 27/27 MP: 0/0
   695 | D:1      | Learned a level 1 spell: Freeze
  1379 | D:2      | Reached XP level 4. HP: 33/33 MP: 0/0
  1665 | D:2      | Found Vynlus's Assorted Antiques.
  1789 | D:2      | Found a faded altar of an unknown god.
  1800 | D:2      | Prayed at the altar of an unknown god.
  1800 | D:2      | Became a worshipper of Nemelex Xobeh the Trickster
  1800 | D:2      | Reached * piety under Nemelex Xobeh
  1991 | D:2      | Received a gift from Nemelex Xobeh
  2362 | D:3      | Noticed a scorpion
  2367 | D:3      | Killed a scorpion
  2368 | D:3      | Reached XP level 5. HP: 32/40 MP: 0/0
  2368 | D:3      | Learned a level 2 spell: Ensorcelled Hibernation
  2485 | D:3      | Found Taxurr's Distillery.
  2493 | D:3      | Bought a potion of curing for 33 gold pieces
  2530 | D:3      | Found a large runed translucent door.
  2531 | D:3      | Found a large runed translucent door.
  3068 | D:4      | Noticed an orc warrior
  3077 | D:3      | Mangled by an orc warrior

Illustrated notes

Levels and vault maps discovered:
D:1:      lightli_arrival_statuegarden, layout_loops_corners, st_stairs_4,
          chequers_serial_rivers_large_a
D:2:      layout_basic, serial_shops, nicolae_shop_trees,
          hellmonk_ecumenical_altar_zigzags, nicolae_grassy_gnolls
D:3:      kennysheep_six_static_rooms, layout_loops_ring, jmf_multi_god_temple2,
          serial_shops, shop, nicolae_figureground_pulse
D:4:      minmay_spotlight, layout_rooms, grunt_dithmenos_smoke,
          kennysheep_mini_moat, tso_metal_star, mainiacjoe_overflow_alcove_1,
          general_overflow_altar, kennysheep_slug_shrine,
          minmay_temple_entry_crystal_x, uniq_ijyb

Skill      XL: |  1  2  3  4 |
---------------+-------------+-----
Fighting       | 1 2 3 |  3.4
Spellcasting   | 3 |  3.7
Dodging        | |  2.1
Stealth        | |  1.5

Action                     |  1- 3 |  4- 6 || total
---------------------------+-------+-------++-------
  Melee: Short sword       |     9 |     3 ||    12
   Cast: Foxfire           |    57 |    28 ||    85
         Scorch            |       |    22 ||    22
    Use: Scroll            |       |     5 ||     5
 Armour: Robe              |     4 |     2 ||     6
  Dodge: Dodged            |    13 |     9 ||    22
  Block: Other             |     1 |     8 ||     9
